 Dungeon Crawl Stone Soup version 0.24-a0-517-gd52e2fb918 (webtiles) character file.

Game seed: 6358947347979492703

114 KristoblXynda the Sneak (level 4, -3/21 HPs)
             Began as a Spriggan Enchanter on July 22, 2019.
             Was an Initiate of Ashenzari.
             Killed by divine providence
             ... invoked by an orc priest
              (17 damage)
             ... on level 3 of the Dungeon.
             The game lasted 00:06:24 (3791 turns).

KristoblXynda the Sneak (Spriggan Enchanter)        Turns: 3791, Time: 00:06:24

Health: -3/21      AC:  2    Str:  4    XL:     4   Next: 67%
Magic:  10/10      EV: 18    Int: 17    God:    Ashenzari [......]
Gold:   105        SH:  0    Dex: 16    Spells: 1/10 levels left

rFire    + . .     SeeInvis +   a - +1 dagger
rCold    . . .     Gourm    .   (shield restricted)
rNeg     . . .     Faith    .   b - +0 robe
rPois    .         Spirit   .   (helmet restricted)
rElec    .         Reflect  .   (no cloak)
rCorr    .         Harm     .   (gloves unavailable)
MR       .....                  (boots unavailable)
Stlth    +++.......             (no amulet)
HPRegen  0.07/turn              g - ring of protection from fire
MPRegen  0.12/turn              (no ring)

@: very quick
A: very small, unfitting armour, see invisible, herbivore, speed 3, slow
metabolism 2
a: Curse Item, Renounce Religion


You were on level 3 of the Dungeon.
You worshipped Ashenzari.
Ashenzari was noncommittal.
You were very hungry.

You visited 1 branch of the dungeon, and saw 3 of its levels.

You collected 105 gold pieces.

Inventory:

Hand Weapons
 a - a +1 dagger (weapon)
Armour
 b - a +0 robe (worn)
Jewellery
 g - a ring of protection from fire (left hand)
 l - an uncursed ring of fire
Scrolls
 c - 2 scrolls of random uselessness {unknown}
 d - a scroll of blinking {unknown}
 f - 2 scrolls of teleportation {unknown}
 h - a scroll of amnesia {unknown}
Potions
 e - a potion of lignification
 i - a potion of flight
 j - 2 potions of brilliance {unknown}
 k - a potion of heal wounds {unknown}


   Skills:
 + Level 2.5 Short Blades
 - Level 3.0 Dodging
 + Level 5.7 Stealth
 + Level 3.8 Spellcasting
 + Level 4.5 Hexes


You had one spell level left.
You knew the following spells:

 Your Spells              Type           Power        Failure   Level  Hunger
a - Corona                Hex            ###....      2%          1    None
b - Ensorcelled Hibernat  Hex/Ice        ##....       10%         2    ##.....
c - Confuse               Hex            ###.....     8%          3    ###....
d - Tukima's Dance        Hex            ###.....     8%          3    ###....

Your spell library contained the following spells:

 Spells                   Type           Power        Failure   Level  Hunger
 Dazzling Spray           Conj/Hex       ##....       19%         3    ###....


Dungeon Overview and Level Annotations

Branches:
Dungeon (3/15)

Altars:
Ashenzari
Trog


Innate Abilities, Weirdness & Mutations

You are very small and have problems with some larger weapons.
You are too small for most types of armour.
You have supernaturally acute eyesight. (SInv)
You are a herbivore.
You cover ground extremely quickly.
You need to consume almost no food.


Message History

You see here a rat corpse.
You hit the orc but do no damage.
The orc is heavily wounded.
You barely miss the orc.
The orc is heavily wounded.
The orc misses you.
An orc comes into view. It is wielding a +0 trident.
You barely miss the orc.
The orc is heavily wounded.
The orc closely misses you.
You hit the orc.
The orc is heavily wounded.
The orc closely misses you.
An orc, an orc priest and an orc wizard come into view.
The orc wizard shouts!
The orc priest shouts!
The orc shouts!
The orc misses you.
The orc priest invokes the aid of Beogh against you.
Beogh smites you!
Ouch! That really hurt!
You die...

.## ..# ###### ## #.#
#..... .. #.# #.###.
#b##### #.# #.# #.
#gK.o.# #.# #.# #.
.#.#####.###.#######.###.
...ooo..@).....†........)
...#####o....#######.#.##
<.......##...# #.....
##########.#.## ##..##
#.###o#..# #..#.
#.....##.# ######
#†######.# ##>##
#.###.##.# 8...8
#...o.##.## #.....#


You could see an orc priest, an orc wizard and 3 orcs.

Vanquished Creatures
  Robin (D:1)
  3 adders (D:2)
  A dart slug (D:3)
  2 worms (D:2)
  6 leopard geckos
  4 orcs (D:3)
  A ball python (D:1)
  A giant cockroach (D:1)
  12 goblins
  6 hobgoblins
  2 jackals (D:3)
  3 bats
  5 frilled lizards
  5 kobolds
  6 rats
58 creatures vanquished.

Notes
Turn   | Place    | Note
-------+----------+-------------------------------------------
     0 | D:1      | KristoblXynda the Spriggan Enchanter began the quest for
                  | the Orb.
     0 | D:1      | Reached XP level 1. HP: 9/9 MP: 5/5
   187 | D:1      | Reached XP level 2. HP: 8/13 MP: 6/6
   305 | D:1      | Learned a level 2 spell: Ensorcelled Hibernation
  1099 | D:2      | Noticed Robin
  1156 | D:1      | Reached skill level 5 in Stealth
  1449 | D:1      | Killed Robin
  1449 | D:1      | Reached XP level 3. HP: 16/16 MP: 1/8
  1457 | D:1      | Learned a level 3 spell: Confuse
  1695 | D:2      | Found a bloodstained altar of Trog.
  2661 | D:2      | Found a shattered altar of Ashenzari.
  2685 | D:2      | Reached XP level 4. HP: 17/21 MP: 4/10
  2864 | D:2      | Became a worshipper of Ashenzari the Shackled
  3746 | D:3      | Learned a level 3 spell: Tukima's Dance
  3791 | D:3      | Killed from afar by an orc priest

Levels and vault maps discovered:
D:1:      evilmike_arrival_plus, layout_basic
D:2:      layout_loops_ring, ashenzari_conservatory_becter, bloody_trog,
          uniq_robin
D:3:      layout_basic, nicolae_overflow_hidden_temple, lemuel_crystal_altar

Skill      XL: |  1  2  3 |
---------------+----------+-----
Spellcasting   | 3 |  3.8
Stealth        | 5 |  5.7
Hexes          | 4 |  4.5
Short Blades   | 2 |  2.5
Dodging        | |  3.0

Action                   |  1- 3 |  4- 6 || total
-------------------------+-------+-------++-------
Melee: Dagger            |   129 |   109 ||   238
 Cast: Corona            |     1 |       ||     1
       Ensorcelled Hiber |    35 |     9 ||    44
  Use: Scroll            |     1 |     1 ||     2
 Stab: Sleeping          |    21 |    12 ||    33
       Distracted        |     1 |       ||     1
  Eat: Ration            |       |     1 ||     1
Armor: Robe              |    13 |     7 ||    20
Dodge: Dodged            |   101 |    88 ||   189

Table legend:
 A = Non-vault XP
 B = Vault XP
 C = Vault XP percentage of total XP
 D = Non-vault monster count
 E = Vault monster count
 F = Vault count percentage of total count
                 A         B        C        D         E       F
            +---------+---------+-------+---------+---------+-------
      Total |     128 |      36 |  22.0 |      47 |      11 |  19.0
            +---------+---------+-------+---------+---------+-------
        D:1 |      29 |      24 |  45.3 |      16 |       5 |  23.8
        D:2 |      61 |      12 |  16.4 |      14 |       6 |  30.0
        D:3 |      38 |       0 |   0.0 |      17 |       0 |   0.0
            +---------+---------+-------+---------+---------+-------
